 Dungeon Crawl Stone Soup version 0.20.1 (webtiles) character file.

2499 pib the Destroyer (level 9, 0/45 HPs)
             Began as a Deep Elf Fire Elementalist on July 2, 2017.
             Was a Follower of Vehumet.
             Slain by a killer bee (4 damage)
             ... on level 7 of the Dungeon.
             The game lasted 00:21:39 (8909 turns).

pib the Destroyer (Deep Elf Fire Elementalist)      Turns: 8909, Time: 00:21:40

Health: 0/45       AC:  6    Str:  5    XL:     9   Next: 28%
Magic:  1/23       EV: 13    Int: 24    God:    Vehumet [*.....]
Gold:   142        SH:  0    Dex: 15    Spells: 5/25 levels left

rFire    . . .     SeeInvis .   d - +3 dagger (protect)
rCold    . . .     Gourm    +   (no shield)
rNeg     . . .     Faith    .   a - +1 robe
rPois    .         Spirit   .   (no helmet)
rElec    .         Reflect  .   (no cloak)
rCorr    .         Harm     .   (no gloves)
MR       +....                  v - +2 pair of boots {run}
Stlth    +++.......             y - amulet of the gourmand
Regen    0.2/turn               w - ring of stealth
MPRegen  0.2/turn               H - ring of protection from magic

@: lethally poisoned (0 -> -18), quick
A: no striking features
a: Renounce Religion


You were on level 7 of the Dungeon.
You worshipped Vehumet.
Vehumet was aware of your devotion.
You were completely stuffed.

You visited 1 branch of the dungeon, and saw 7 of its levels.
You also visited: Ossuary.

You collected 324 gold pieces.
You spent 182 gold pieces at shops.

Inventory:

Hand Weapons
 d - a +3 dagger of protection (weapon)
 e - a +0 club
 h - a +0 short sword
Armour
 a - a +1 robe (worn)
 v - a +2 pair of boots of running (worn)
Jewellery
 n - an uncursed amulet of faith
 p - a +5 ring of strength
 w - a ring of stealth (left hand)
 y - an amulet of the gourmand (around neck)
 H - a ring of protection from magic (right hand)
Wands
 o - a wand of digging (11/24)
 t - a wand of flame (28/48)
 z - a wand of iceblast (9/15)
 I - a wand of confusion (42/48)
 L - a wand of confusion (28/48)
Scrolls
 f - 2 scrolls of enchant armour
 g - 13 scrolls of identify
 k - 2 scrolls of fog
 m - 4 scrolls of remove curse
 G - a scroll of teleportation
 K - a scroll of silence {unknown}
 M - a scroll of enchant weapon
 P - a scroll of immolation {unknown}
Potions
 i - a potion of heal wounds {unknown}
 j - 5 potions of might {unknown}
 l - 3 potions of curing {unknown}
 q - a potion of degeneration {unknown}
 r - a potion of agility {unknown}
 s - 2 potions of brilliance {unknown}
 A - a potion of haste {unknown}
 D - 3 potions of invisibility {unknown}
 E - a potion of flight {unknown}
 F - a potion of mutation {unknown}
 J - a potion of magic {unknown}
Books
 b - a book of Flames

   Spells                             Type                      Level
   a - Flame Tongue                   Conjuration/Fire             1
   b - Throw Flame                    Conjuration/Fire             2
   c - Conjure Flame                  Conjuration/Fire             3
   d - Inner Flame                    Hexes/Fire                   3
   e - Sticky Flame                   Conjuration/Fire             4
   f - Fireball                       Conjuration/Fire             5
 C - a book of Conjurations

   Spells                             Type                      Level
   a - Magic Dart                     Conjuration                  1
   b - Searing Ray                    Conjuration                  2
   c - Dazzling Spray                 Conjuration/Hexes            3
   d - Fulminant Prism                Conjuration/Hexes            4
   e - Force Lance                    Conjuration/Translocation    4
   f - Iskenderun's Mystic Blast      Conjuration                  4
 N - a book of Frost

   Spells                             Type                      Level
   a - Freeze                         Ice                          1
   b - Throw Frost                    Conjuration/Ice              2
   c - Ozocubu's Armour               Charms/Ice                   3
   d - Throw Icicle                   Conjuration/Ice              4
   e - Summon Ice Beast               Ice/Summoning                4
 O - a book of Battle

   Spells                             Type                      Level
   a - Infusion                       Charms                       1
   b - Shroud of Golubria             Charms/Translocation         2
   c - Song of Slaying                Charms                       2
   d - Spectral Weapon                Hexes/Charms                 3
   e - Regeneration                   Charms/Necromancy            3
Comestibles
 c - 5 bread rations
 u - a meat ration
 x - 3 royal jellies
 B - 5 fruits
 Q - 4 chunks of flesh


   Skills:
 - Level 2.4 Dodging
 - Level 2.4 Stealth
 + Level 8.6 Spellcasting
 * Level 9.7 Conjurations
 + Level 3.3 Hexes
 - Level 7.1 Fire Magic


You had 5 spell levels left.
You knew the following spells:

 Your Spells              Type           Power        Failure   Level  Hunger
a - Flame Tongue          Conj/Fire      #####        1%          1    None
b - Conjure Flame         Conj/Fire      ######..     1%          3    None
c - Sticky Flame          Conj/Fire      ######..     1%          4    ##.....
d - Fireball              Conj/Fire      ######....   4%          5    ####...
e - Dazzling Spray        Conj/Hex       #####.       1%          3    None
f - Fulminant Prism       Conj/Hex       #####.....   4%          4    ##.....


Dungeon Overview and Level Annotations

Branches:
Dungeon (7/15)             Temple (0/1) D:7

Altars:
Qazlal
Ru
Trog
Vehumet
The Shining One

Shops:
D:6 *


Message History

The killer bee closely misses you. The killer bee stings you.
You are poisoned.
The killer bee poisons you! The killer bee stings you!
You are more poisoned.
The killer bee poisons you!
You feel sick.
The killer bee stings you but does no damage.
The killer bee stings you!
* * * LOW HITPOINT WARNING * * *
* * * LOW HITPOINT WARNING * * *
You feel sick.
* * * LOW HITPOINT WARNING * * *
You feel sick. The killer bee stings you!
* * * LOW HITPOINT WARNING * * *
You are more poisoned.
The killer bee poisons you!
The killer bee stings you but does no damage.
The killer bee stings you.
You die... ....#.....#.##.## ....##....#.##..# #........ #...##....#.###.# #....... #...(.....#. #.# #...... #...##))..# #.## #..... ....##....# #..# #$s.. ...)#.†)[.#'####.# .Hs

...##..).....# #.# #y#
### ..#####)#....#
#@## #y# #.. ###
#†#....# #yy# #y# #..
.# #.#....# ##y### #y#
#.. .# #)#....# #y..#
#y# #.. .# #.#....#
#...# #†# #.. .#
#.###.## #(..# #.# #..
.# #.#
######'####.#######..
.# #.#
...........y.#.....'..
.######.#
#######..###.#.#####..


You could see 4 killer bees.

Vanquished Creatures
  The ghost of VajrapaniSR the Ruffian, an amateur TrMo (D:4)
  A sky beast (D:5)
  2 ice beasts
  An orc warrior (D:7)
  A phantom (D:3)
  5 ogres
  A centaur (D:5)
  Blork the orc (D:5)
  2 bullfrogs (D:7)
  2 scorpions
  A killer bee (D:7)
  4 howler monkeys
  2 crimson imps
  A bullfrog skeleton (D:7)
  A gnoll shaman (D:4)
  3 orc priests
  4 worker ants
  3 orc wizards
  7 big kobold zombies (Ossuary)
  A mummy (Ossuary)
  Robin (D:4)
  7 gnolls
  13 adders
  2 shadow imps
  6 worms
  A dart slug (D:2)
  3 leopard geckos
  19 orcs
  7 spectral bats (Ossuary)
  3 ball pythons
  7 bats
  4 giant cockroaches
  17 goblins
  16 hobgoblins
  23 jackals
  3 quokkas
  4 frilled lizards
  5 gnoll zombies (Ossuary)
  6 goblin simulacra (Ossuary)
  2 goblin zombies (Ossuary)
  5 hobgoblin zombies (Ossuary)
  2 jackal zombies (D:4)
  4 kobolds
  3 kobold simulacra (Ossuary)
  5 kobold zombies (Ossuary)
  A leopard gecko zombie (D:7)
  6 orc zombies (Ossuary)
  10 rats
  3 rat simulacra (Ossuary)
  A rat zombie (D:4)
  A spectral goblin (Ossuary)
  A spectral kobold (Ossuary)
  4 spectral rats (Ossuary)
239 creatures vanquished.

Vanquished Creatures (others)
  4 fulminant prisms
4 creatures vanquished.

Grand Total: 243 creatures vanquished

Notes
Turn   | Place    | Note
-------+----------+-------------------------------------------
     0 | D:1      | pib the Deep Elf Fire Elementalist began the quest for the Orb.
     0 | D:1      | Reached XP level 1. HP: 10/10 MP: 6/6
   290 | D:1      | Reached XP level 2. HP: 15/15 MP: 6/8
   395 | D:1      | Reached skill level 2 in Conjurations
   688 | D:1      | Reached XP level 3. HP: 19/19 MP: 6/9
  1501 | D:2      | Reached skill level 3 in Conjurations
  1650 | D:2      | Reached XP level 4. HP: 22/24 MP: 7/11
  2366 | D:3      | Reached skill level 4 in Conjurations
  2366 | D:3      | Reached XP level 5. HP: 17/28 MP: 4/13
  2508 | D:3      | Identified a +2 pair of boots of running (You found it on level 3 of the Dungeon)
  2537 | D:3      | Learned a level 3 spell: Conjure Flame
  2544 | D:3      | Learned a level 4 spell: Sticky Flame
  2584 | D:3      | Noticed an ice beast
  2594 | D:3      | Killed an ice beast
  2930 | D:3      | Noticed a phantom
  2944 | D:3      | Killed a phantom
  2944 | D:3      | Reached skill level 5 in Spellcasting
  2944 | D:3      | Reached skill level 5 in Conjurations
  2944 | D:3      | Reached XP level 6. HP: 18/32 MP: 4/15
  3158 | D:3      | Found a sacrificial altar of Ru.
  3378 | D:3      | Learned a level 5 spell: Fireball
  3590 | D:3      | Reached skill level 5 in Fire Magic
  3657 | D:4      | Found a sand-covered staircase.
  3663 | D:4      | Noticed VajrapaniSR's ghost (amateur TrMo)
  4027 | Ossuary  | Entered an ossuary
  4280 | Ossuary  | Reached XP level 7. HP: 36/36 MP: 5/17
  4367 | Ossuary  | Learned a level 3 spell: Dazzling Spray
  4510 | Ossuary  | Reached skill level 6 in Conjurations
  5119 | D:4      | Noticed Robin
  5560 | D:4      | Found a stormy altar of Qazlal.
  5657 | D:4      | Killed VajrapaniSR's ghost
  5657 | D:4      | Reached skill level 7 in Conjurations
  5767 | D:4      | Killed Robin
  5816 | D:5      | Entered Level 5 of the Dungeon
  5851 | D:5      | Reached XP level 8. HP: 41/41 MP: 14/19
  5990 | D:5      | Noticed Blork the orc
  5996 | D:5      | Killed Blork the orc
  6113 | D:4      | Learned a level 4 spell: Fulminant Prism
  6121 | D:5      | Found a radiant altar of Vehumet.
  6133 | D:5      | Became a worshipper of Vehumet
  6613 | D:5      | Reached skill level 8 in Conjurations
  6898 | D:6      | Found Kuda's General Store.
  7019 | D:6      | Bought a wand of iceblast (9/15) for 182 gold pieces
  7173 | D:6      | Found a glowing golden altar of the Shining One.
  7965 | D:7      | Reached skill level 9 in Conjurations
  7967 | D:7      | Reached * piety under Vehumet
  7967 | D:7      | Offered knowledge of Sting by Vehumet.
  7987 | D:7      | Reached skill level 1 in Hexes
  7993 | D:7      | Reached XP level 9. HP: 14/45 MP: 6/23
  8269 | D:7      | Noticed a moth of wrath
  8275 | D:7      | Found a staircase to the Ecumenical Temple.
  8453 | D:7      | Found a bloodstained altar of Trog.
  8909 | D:7      | Slain by a killer bee

Skill      XL: |  1  2  3  4  5  6  7  8  9 |
---------------+----------------------------+-----
Conjurations   | 2 3 4 5 7 9 |  9.7
Spellcasting   | 4 5 6 8 |  8.6
Fire Magic     | 4 5 6 7 |  7.1
Hexes          | 1 3 |  3.3
Dodging        | |  2.4
Stealth        | |  2.4

Action                   |  1- 3 |  4- 6 |  7- 9 || total
-------------------------+-------+-------+-------++-------
Melee: Short sword       |     1 |       |       ||     1
       Dagger            |       |     2 |     5 ||     7
 Cast: Flame Tongue      |    72 |   178 |   289 ||   539
       Conjure Flame     |       |     3 |     6 ||     9
       Fireball          |       |       |     6 ||     6
       Sticky Flame      |       |       |     6 ||     6
       Fulminant Prism   |       |       |     4 ||     4
       Dazzling Spray    |       |       |     2 ||     2
  Use: Scroll            |       |     1 |    11 ||    12
  Eat: Chunk             |     2 |     8 |    20 ||    30
       Bread ration      |       |       |     1 ||     1
Armor: Robe              |     2 |     7 |    27 ||    36
Dodge: Dodged            |    18 |    48 |    65 ||   131
